 Dungeon Crawl Stone Soup version 0.28.0-53-g5a82cb258f (webtiles) character file.

Game seed: 7355517094481038218

13440 lightspider the Destroyer (level 11, -9/84 HPs)
             Began as a Red Draconian Conjurer on Aug 22, 2022.
             Was a Believer of Sif Muna.
             Mangled by Snorg (19 damage)
             ... on level 11 of the Dungeon on Aug 23, 2022.
             The game lasted 01:44:45 (16018 turns).

lightspider the Destroyer (Red Draconian Conjurer) Turns: 16018, Time: 01:44:54

Health: -9/84      AC: 11    Str:  9    XL:     11   Next: 75%
Magic:  0/33       EV: 13    Int: 29    God:    Sif Muna [**....]
Gold:   590        SH:  0    Dex: 10    Spells: 15/29 levels left

rFire   + . .      SeeInvis .   b - staff of conjuration
rCold   . . .      Faith    .   (no shield)
rNeg    . . .      Spirit   +   (armour unavailable)
rPois   .          Reflect  .   (helmet restricted)
rElec   .          Harm     .   c - +0 cloak
rCorr   .          Rampage  .   n - +1 pair of gloves
Will    .....                   K - +0 pair of boots
Stlth   ++........              p - amulet of guardian spirit
HPRegen 0.24/turn               u - ring of magical power
MPRegen 0.23/turn               Q - +6 ring of intelligence

@: about to teleport, slowed, very slow
A: breathe fire, AC +7, unfitting armour, fire resistance 1, cold-blooded
a: Breathe Fire, Renounce Religion, Channel Magic


You were on level 11 of the Dungeon.
You worshipped Sif Muna.
Sif Muna was pleased with you.
You visited 2 branches of the dungeon, and saw 13 of its levels.
You also visited: Ossuary and Bailey.

You collected 706 gold pieces.
You spent 116 gold pieces at shops.

Inventory:

Hand Weapons
 a - a +0 dagger
 h - a +5 dagger of draining
 k - a +3 short sword of flaming
 l - a +1 short sword of electrocution
 q - a +1 short sword of holy wrath
 t - the +4 dagger of Honesty {vorpal, +Blink Int-4 Dex+2}
   (You found it on level 6 of the Dungeon)

   It inflicts extra damage upon your enemies.
   Int:       It affects your intelligence (-4).
   Dex:       It affects your dexterity (+2).
   +Blink:    It lets you blink.
 G - a +2 quarterstaff of chaos
 H - the +9 hand axe "Gatsaj" {drain, +Blink rF- rN+}
   (You found it on level 8 of the Dungeon)

   A truly terrible weapon, it drains the life of any living foe it strikes.
   rF:        It makes you vulnerable to fire.
   rN:        It protects you from negative energy.
   +Blink:    It lets you blink.
Missiles
 s - 29 poisoned darts
 w - 3 silver boomerangs
 L - 8 datura-tipped darts
Armour
 c - a +0 cloak (worn)
 n - a +1 pair of gloves (worn)
 D - the +0 robe of the Shoals {Rampage rF++}
   (You found it on level 7 of the Dungeon)

   rF:        It greatly protects you from fire.
   Rampage:   It bestows one free step when moving towards enemies.
 K - a +0 pair of boots (worn)
Magical Staves
 b - a staff of conjuration (weapon)
 R - a staff of conjuration
Jewellery
 d - a ring of flight
 p - an amulet of guardian spirit (around neck)
 u - a ring of magical power (left hand)
 y - a ring of magical power
 Q - a +6 ring of intelligence (right hand)
 S - a +6 ring of intelligence
Wands
 m - a wand of iceblast (4)
 C - a wand of charming (16)
 E - a wand of paralysis (16)
 F - a wand of flame (37)
 I - a wand of digging (4)
 J - a wand of acid (14)
Scrolls
 e - a scroll of enchant weapon
 j - a scroll of fear
 v - a scroll of teleportation
 P - a scroll of brand weapon
 T - a scroll of fog
Potions
 f - a potion of mutation {unknown}
 g - 5 potions of curing
 i - 3 potions of degeneration
 o - a potion of invisibility {unknown}
 r - 8 potions of attraction
 x - 2 potions of lignification
 z - 2 potions of magic
 A - 2 potions of ambrosia {unknown}
 B - a potion of cancellation {unknown}
 M - a potion of flight
 N - 3 potions of brilliance
 O - a potion of resistance {unknown}


   Skills:
 - Level 4.2 Fighting
 - Level 3.1 Axes
 - Level 1.6 Staves
 - Level 5.2 Dodging
 - Level 3.8 Stealth
 + Level 9.7 Spellcasting
 + Level 10.6 Conjurations
 - Level 1.3 Summonings
 + Level 8.9 Fire Magic
 + Level 5.6 Air Magic


You had 15 spell levels left.
You knew the following spells:

 Your Spells              Type           Power      Damage    Failure   Level
a - Magic Dart            Conj           100%       1d8       1%          1
b - Searing Ray           Conj           100%       2d8       1%          2
c - Call Canine Familiar  Summ           21%        N/A       7%          3
d - Shock                 Conj/Air       100%       1d9       1%          1
e - Swiftness             Air            46%        N/A       1%          3
f - Iskenderun's Mystic   Conj/Tloc      61%        2d13      4%          4

Your spell library contained the following spells:

 Spells                   Type           Power      Damage    Failure   Level
 Dazzling Flash           Conj/Hex       100%       N/A       1%          3
 Beastly Appendage        Tmut           28%        N/A       3%          1
 Airstrike                Air            23%        N/A       3%          4
 Fulminant Prism          Conj/Hex       30%        3d16      4%          4
 Wereblood                Tmut           14%        N/A       6%          2
 Gell's Gravitas          Tloc           14%        N/A       12%         3
 Lesser Beckoning         Tloc           14%        N/A       12%         3
 Portal Projectile        Hex/Tloc       28%        N/A       12%         3
 Spider Form              Tmut/Pois      14%        N/A       12%         3
 Teleport Other           Tloc           14%        N/A       12%         3
 Tukima's Dance           Hex            14%        N/A       12%         3
 Leda's Liquefaction      Hex/Erth       7%         N/A       36%         4
 Passage of Golubria      Tloc           14%        N/A       36%         4
 Yara's Violent Unravell  Hex/Tmut       7%         3d5       71%         5


Dungeon Overview and Level Annotations

Branches:
Dungeon (12/15)            Temple (1/1) D:4            Lair (0/6) D:11
    Orc (0/2) D:11        Ossuary (visited)          Bailey (visited)

Altars:
Ashenzari
Cheibriados
Dithmenos
Elyvilon
Fedhas
Gozag
Hepliaklqana
Kikubaaqudgha
Makhleb
Nemelex Xobeh
Okawaru
Qazlal
Ru
Sif Muna
Trog
Uskayaw
Vehumet
Wu Jian
Xom
Yredelemnul
Zin
The Shining One
Beogh

Shops:
D:3 [   D:5 *   D:8 [

Annotations:
D:4 3 runed translucent doors, 0gre's ghost, novice GnIE
D:11 Snorg
D:12 Azrael; Josephine


Innate Abilities, Weirdness & Mutations

You can breathe blasts of fire.
Your fiery red scales are hard. (AC +7)
You cannot fit into any form of body armour.
Your flesh is heat resistant. (rF+)
You are cold-blooded and may be slowed by cold attacks.


Message History

The wraith is severely damaged.
The deep elf pyromancer hits you with a +0 rapier.
The searing ray hits the deep elf pyromancer.
You kill the deep elf pyromancer!
Sif Muna accepts your kill.
The searing ray misses Josephine.
The wraith hits you. The wraith drains your vigour!
You feel yourself slow down.
Aiming: Iceblast
Press: ? - help, Shift-Dir - straight line The mass of ice explodes!
The iceblast engulfs Snorg!
Snorg is lightly wounded.
The iceblast engulfs the wraith.
The wraith partially resists.
The wraith is severely damaged.
The iceblast engulfs Josephine!
Josephine is moderately wounded.
The wraith barely misses you. The wraith hits you!
The wraith drains your vigour!
You feel as though you will be slow longer.
There is a stone staircase leading up, spattered with blood here.
Snorg goes berserk!
The wraith barely misses you. Snorg bites you. Snorg claws you! x2
You climb upwards.
There is a stone staircase leading down here.
Snorg bites you!! Snorg barely misses you. x2
The wraith hits you but does no damage. Snorg bites you. Snorg claws you!
* * * LOW HITPOINT WARNING * * *
Snorg claws you!
* * * LOW HITPOINT WARNING * * *
Okay, then.
Okay, then.
You can't see any enemies this would affect, really read the scroll of fear?
Okay, then.
As you read the scroll of teleportation, it crumbles to dust.
You feel strangely unstable. Snorg bites you.
* * * LOW HITPOINT WARNING * * *
Snorg closely misses you. Snorg barely misses you. The wraith hits you.
The wraith drains your vigour!
You feel as though you will be slow longer.
Snorg bites you!!
You die...

##############.###.##
..............## ##.#
####.#########.###.##
##...## ##.#.##
#....># ##.## ##...##
#.# ##.## #.### #.#
#...# #.# #@#.# ##'##
#WT.# ##...## ##.##
##..(..## ####.#
#.......######.##.####
.........#...........#
.....(...'........##.#
....)....#.##.....##.#
#..)#########..#..##.#


You could see Snorg (berserk) and a wraith.

Vanquished Creatures
  3 two-headed ogres (D:11)
  Pikel (D:4)
  A deep elf pyromancer (D:12)
  A shadow (D:12)
  27 yaks
  2 wyverns
  A basilisk (D:11)
  A fire elemental (D:11)
  7 water moccasins
  A hell hound (D:12)
  6 orc warriors
  2 ice beasts (D:7)
  2 sky beasts
  2 necrophages
  3 ogres
  7 centaurs
  2 lemures (D:4)
  A phantom (D:3)
  7 kobold brigands
  Blork the orc (D:4)
  4 bullfrogs
  7 water moccasin zombies
  A wyvern skeleton (D:7)
  5 killer bees (D:9)
  Crazy Yiuf (D:7)
  5 centaur zombies
  A jelly (D:5)
  5 orc priests
  A bullfrog skeleton (D:5)
  A centaur skeleton (D:7)
  2 hounds
  An iguana (D:5)
  5 orc wizards
  A hound zombie (D:5)
  2 mummies (Ossuary)
  2 howler monkey zombies
  3 adders
  8 gnolls
  A river rat (D:3)
  3 adder zombies (Ossuary)
  A dart slug (D:4)
  37 orcs
  9 ball pythons
  6 bats
  8 endoplasms
  9 giant cockroaches
  2 gnoll zombies (Ossuary)
  10 goblins
  10 hobgoblins
  5 quokkas
  7 frilled lizards
  6 hobgoblin zombies (Ossuary)
  42 kobolds
  3 kobold zombies (Ossuary)
  8 orc zombies (Ossuary)
  7 rats
307 creatures vanquished.

Vanquished Creatures (others)
  An orc knight (D:11)
  3 fungi
  48 plants
  A withered plant (D:1)
53 creatures vanquished.

Grand Total: 360 creatures vanquished

Notes
Turn   | Place    | Note
-------+----------+-------------------------------------------
     0 | D:1      | lightspider the Draconian Conjurer began the quest for the
                  | Orb.
     0 | D:1      | Reached XP level 1. HP: 14/14 MP: 3/3
   380 | D:1      | Reached XP level 2. HP: 20/20 MP: 1/5
   870 | D:1      | Reached XP level 3. HP: 26/26 MP: 0/6
   873 | D:1      | Learned a level 2 spell: Searing Ray
   992 | D:1      | Found a faded altar of an unknown god.
  1692 | D:2      | Found a white marble altar of Elyvilon.
  2077 | D:2      | Reached XP level 4. HP: 33/33 MP: 6/8
  2243 | D:2      | Learned a level 3 spell: Call Canine Familiar
  2839 | D:3      | Noticed a phantom
  2851 | D:3      | Killed a phantom
  2852 | D:3      | Reached skill level 5 in Conjurations
  2852 | D:3      | Reached XP level 5. HP: 27/39 MP: 1/10
  3477 | D:3      | Found Guolug's Antique Armour Boutique.
  3701 | D:3      | Identified a scroll of acquirement
  3701 | D:3      | Acquired a staff of conjuration
  3901 | D:4      | Reached XP level 6. HP: 46/46 MP: 3/12
  4104 | D:4      | Noticed 0gre's ghost (novice GnIE)
  4135 | D:4      | Found a runed translucent gate.
  4135 | D:4      | Found a runed translucent gate.
  4135 | D:4      | Found a runed translucent gate.
  4456 | D:4      | Noticed Blork the orc
  4456 | D:4      | Noticed Pikel
  4470 | D:4      | Killed Pikel
  4471 | D:4      | Reached skill level 1 in Fighting
  4471 | D:4      | Reached skill level 1 in Staves
  4471 | D:4      | Reached skill level 5 in Spellcasting
  4471 | D:4      | Reached skill level 6 in Conjurations
  4471 | D:4      | Reached skill level 1 in Summonings
  4471 | D:4      | Your scales start taking on a fiery red colour.
  4471 | D:4      | Reached XP level 7. HP: 33/52 MP: 1/15
  4471 | D:4      | Gained mutation: Your flesh is heat resistant. (rF+) [Red
                  | Draconian growth]
  4619 | D:4      | Killed Blork the orc
  4769 | D:4      | Found a staircase to the Ecumenical Temple.
  4817 | Temple   | Entered the Ecumenical Temple
  5355 | D:5      | Entered Level 5 of the Dungeon
  5473 | D:5      | Found Quadiuv's Assorted Antiques.
  5479 | D:5      | Bought a worn iron wand for 116 gold pieces
  5625 | D:5      | Reached XP level 8. HP: 34/59 MP: 5/17
  5905 | D:5      | Found a burning altar of Makhleb.
  5908 | D:5      | Found a glowing golden altar of the Shining One.
  5908 | D:5      | Found a radiant altar of Vehumet.
  5921 | D:5      | Found an ornate altar of the Wu Jian Council.
  5934 | D:5      | Found a snail-covered altar of Cheibriados.
  6178 | D:5      | Reached skill level 7 in Conjurations
  6398 | D:6      | Found a basalt altar of Yredelemnul.
  6659 | D:6      | Identified the +4 dagger of Honesty {vorpal, +Blink Int-4
                  | Dex+2}
  6830 | D:6      | Learned a level 1 spell: Shock
  6834 | D:6      | Learned a level 3 spell: Swiftness
  6854 | D:6      | Reached skill level 1 in Fire Magic
  7089 | D:6      | Found a sand-covered staircase.
  7100 | Ossuary  | Entered an ossuary
  7264 | Ossuary  | Reached XP level 9. HP: 64/67 MP: 14/19
  7593 | D:6      | Reached skill level 8 in Conjurations
  8375 | D:7      | Identified the +0 robe of the Shoals {Rampage rF++}
  8722 | D:7      | Found a runed translucent door.
  8723 | D:7      | Noticed Crazy Yiuf
  8728 | D:7      | Killed Crazy Yiuf
  8791 | D:8      | Identified the +9 hand axe "Gatsaj" {drain, +Blink rF- rN+}
  8929 | D:8      | You fall into a shaft and drop 1 floor!
  9030 | D:9      | Reached skill level 1 in Axes
  9227 | D:9      | Found an iron altar of Okawaru.
  9312 | D:8      | Reached skill level 5 in Dodging
  9319 | D:8      | Reached XP level 10. HP: 59/77 MP: 16/21
  9430 | D:8      | Found a shimmering blue altar of Sif Muna.
  9438 | D:8      | Became a worshipper of Sif Muna the Loreminder
  9621 | D:8      | Found Ethiala's Antique Armour Boutique.
 10020 | D:9      | Identified the +1 hunting sling of World Downfall {vorpal,
                  | Int+3 Stlth+}
 10088 | D:9      | Reached skill level 5 in Fire Magic
 10391 | D:9      | Reached skill level 9 in Conjurations
 10488 | D:9      | Noticed an ice dragon
 11421 | D:10     | Entered Level 10 of the Dungeon
 11484 | D:10     | Reached skill level 1 in Air Magic
 11776 | D:10     | Found a flagged portal.
 11786 | Bailey   | Entered a bailey
 11857 | Bailey   | Reached * piety under Sif Muna
 12206 | Bailey   | Found an iron altar of Okawaru.
 12723 | D:11     | Noticed a two-headed ogre
 12752 | D:11     | Reached XP level 11. HP: 26/84 MP: 3/23
 13085 | D:11     | Reached ** piety under Sif Muna
 13104 | D:11     | Found a staircase to the Orcish Mines.
 13107 | D:11     | Noticed an orc knight
 13508 | D:11     | Killed a two-headed ogre
 13582 | D:11     | Reached skill level 10 in Conjurations
 13936 | D:11     | Noticed a two-headed ogre
 13961 | D:11     | Killed a two-headed ogre
 14041 | D:11     | Reached skill level 5 in Air Magic
 14111 | D:11     | Found a staircase to the Lair.
 14298 | D:11     | Learned a level 4 spell: Iskenderun's Mystic Blast
 14306 | D:11     | Noticed a two-headed ogre
 15106 | D:11     | Killed a two-headed ogre
 15484 | D:12     | Noticed a deep elf pyromancer
 15743 | D:12     | Noticed Azrael
 15750 | D:12     | Noticed a boulder beetle
 16008 | D:12     | Noticed Josephine
 16008 | D:12     | Noticed Snorg
 16012 | D:12     | Killed a deep elf pyromancer
 16018 | D:11     | Mangled by Snorg

Illustrated notes

Levels and vault maps discovered:
D:1:      dpeg_arrival_radiant, layout_rooms,
          shapermc_ecumenical_altar_flowoftime
D:2:      minmay_roachtagon, layout_basic, basic_altar
D:3:      layout_loops_corners, gup_sewer_entry_bowl, serial_shops, shop
D:4:      kennysheep_kobold_camp, layout_loops_ring,
          minmay_temple_entry_butterflies, gammafunk_ghost_icy, uniq_pikel,
          uniq_blork_the_orc
D:5:      layout_loops_ring, minmay_overflow_temple_star_hex, serial_shops,
          nicolae_stop_n_shop_2
D:6:      layout_basic, lemuel_crystal_altar, nicolae_ossuary_entry_monument
D:7:      layout_basic, columned_hall_lemuel, uniq_crazy_yiuf_cottage
D:8:      layout_loops_ring, tgw_sif, serial_shops, kennysheep_mini_moat
D:9:      dragon1_lemuel, layout_irregular_city, overflow_temple_1_default
D:10:     layout_cave_pools, enter_bailey_4
D:11:     layout_loops_corners, minmay_lair_entry_grove, david_orc_5
D:12:     layout_cave_pools, nicolae_take_the_stairs,
          hangedman_abyss_or_decor_passed, uniq_azrael, uniq_snorg,
          uniq_josephine
Temple:   zaba_magenta_temple

Skill      XL: |  1  2  3  4  5  6  7  8  9 10 11 |
---------------+----------------------------------+-----
Stealth        | 2 3 |  3.8
Dodging        | 2 3 4 5 |  5.2
Spellcasting   | 3 4 5 6 7 8 9 |  9.7
Conjurations   | 5 6 7 8 9 10 | 10.6
Fighting       | 1 2 3 4 |  4.2
Staves         | 1 |  1.6
Summonings     | 1 |  1.3
Fire Magic     | 2 4 7 8 |  8.9
Axes           | 2 3 |  3.1
Air Magic      | 3 5 |  5.6

Action                   |  1- 3 |  4- 6 |  7- 9 | 10-12 || total
-------------------------+-------+-------+-------+-------++-------
Melee: Unarmed           |     1 |       |       |       ||     1
       Dagger            |    21 |     6 |       |       ||    27
       Tailslap          |     3 |     6 |     3 |    10 ||    22
       Punch             |     1 |       |       |     1 ||     2
       Staff             |       |    18 |    19 |    11 ||    48
       Hand axe          |       |       |     2 |    22 ||    24
 Cast: Magic Dart        |    76 |    77 |   125 |    73 ||   351
       Searing Ray       |     4 |    12 |    37 |    65 ||   118
       Call Canine Famil |       |     1 |       |     2 ||     3
       Shock             |       |       |    32 |    51 ||    83
       Swiftness         |       |       |       |     4 ||     4
       Iskenderun's Myst |       |       |       |     1 ||     1
 Abil: Breathe Fire      |       |       |       |     2 ||     2
Evoke: Wand              |       |       |       |    14 ||    14
  Use: Scroll            |       |     4 |     8 |    11 ||    23
       Potion            |       |       |       |     3 ||     3
 Stab: Sleeping          |       |       |     1 |       ||     1
Armor: Skin              |    36 |    10 |    26 |    99 ||   171
Dodge: Dodged            |    54 |    42 |    73 |   166 ||   335
